 Dungeon Crawl Stone Soup version 0.23-a0-207-g93a313e (webtiles) character file.

684216 galech the Executioner (level 27, -29/243 HPs)
             Began as a Demonspawn Fighter on Sept 24, 2018.
             Was the Champion of Okawaru.
             Killed from afar by a Brimstone Fiend (33 damage)
             ... with damnation
             ... on level 7 of the Iron City of Dis.
             The game lasted 02:35:36 (66221 turns).

galech the Executioner (Demonspawn Fighter)        Turns: 66221, Time: 02:35:37

Health: -29/243    AC: 36    Str: 23    XL:     27
Magic:  0/22       EV: 43    Int: 13    God:    Okawaru [******]
Gold:   6848       SH: 29    Dex: 37    Spells: 26/26 levels left

rFire    + + .     SeeInvis +   T - +11 broad axe "Asois" {chop, +Rage MR++ MP-9 Dex+4}
rCold    + + .     Gourm    .   q - +2 large shield of the Gusle {rC+ Str+2}
rNeg     + + .     Faith    .   G - +8 plate armour "Ymafod" {rF+ rC+ Str+3}
rPois    +         Spirit   +   o - +0 mask of the Dragon {MR+ Slay+3 SInv}
rElec    .         Reflect  .   Y - scarf {rC+ rF+}
rCorr    .         Harm     .   (gloves unavailable)
MR       +++++                  X - +2 pair of boots of Lorirch {rC- Dex+5}
Stlth    +.........             m - amulet "Axink" {*Contam +Rage rPois rN++ Int+3}
HPRegen  0.50/turn              U - ring "Qaunk" {EV+4 Str-2 Dex+8}
MPRegen  0.36/turn              u - ring of Phasing {EV+8}

@: heroism, finesse, studying Polearms
A: claws 3, rugged brown scales 3, demonic guardian 3, low mp 1, weak 1,
augmentation 3, magic shield, magic regeneration, magic link
}: 5/15 runes: barnacled, slimy, silver, iron, gossamer
a: Heroism, Finesse, Renounce Religion, Evoke Berserk Rage


You were on level 7 of the Iron City of Dis.
You worshipped Okawaru.
Okawaru was exalted by your worship.
You were hungry.

You visited 13 branches of the dungeon, and saw 61 of its levels.
You also visited: Ossuary, Ice Cave and Desolation.

You collected 7623 gold pieces.
You spent 775 gold pieces at shops.

Inventory:

Hand Weapons
 c - the +6 shillelagh "Devastator" {shatter}
   (You found it in the Desolation of Salt)
 p - the +6 arbalest "Damnation" {damnation}
   (You found it on level 3 of the Elven Halls)
 M - the +4 staff of Dispater
   (You took it off Dispater on level 7 of the Iron City of Dis)
 T - the +11 broad axe "Asois" (weapon) {chop, +Rage MR++ MP-9 Dex+4}
   (Okawaru gifted it to you on level 5 of the Lair of Beasts)

   It inflicts extra damage upon your enemies.
   It affects your dexterity (+4).
   It affects your resistance to hostile enchantments.
   It affects your magic capacity (-9).
   It lets you go berserk.
Armour
 o - the +0 mask of the Dragon (worn) {MR+ Slay+3 SInv}
   (You bought it in a shop on level 2 of the Orcish Mines)

   It affects your accuracy and damage with ranged weapons and melee attacks
   (+3).
   It affects your resistance to hostile enchantments.
   It lets you see invisible.
 q - the +2 large shield of the Gusle (worn) {rC+ Str+2}
   (You found it in the Desolation of Salt)

   It affects your strength (+2).
   It protects you from cold.
 z - the +3 chain mail of Ogorgh {rC+ Str-5 Dex+8 Slay+5}
   (You found it on level 6 of the Lair of Beasts)

   It affects your strength (-5).
   It affects your dexterity (+8).
   It affects your accuracy and damage with ranged weapons and melee attacks
   (+5).
   It protects you from cold.
 E - the +0 pair of boots "Abroro" {MR+}
   (Okawaru gifted it to you on level 6 of the Iron City of Dis)

   It affects your resistance to hostile enchantments.
 F - the +2 cloak of the Thief {+Fog Slay-2 SInv Stlth+}
   (You found it on level 5 of the Pits of Slime)

   It affects your accuracy and damage with ranged weapons and melee attacks
   (-2).
   It lets you see invisible.
   It makes you more stealthy.
 G - the +8 plate armour "Ymafod" (worn) {rF+ rC+ Str+3}
   (You found it on level 7 of the Dungeon)

   It affects your strength (+3).
   It protects you from fire.
   It protects you from cold.
 V - a +1 pair of boots of running
 W - +0 gold dragon scales
 X - the +2 pair of boots of Lorirch (worn) {rC- Dex+5}
   (Okawaru gifted it to you on level 4 of the Depths)

   It affects your dexterity (+5).
   It makes you vulnerable to cold.
 Y - a scarf of resistance (worn)
Jewellery
 l - the amulet "Kokicumi" {rF+ MR++ Regen+}
   (You took it off a deep elf elementalist on level 3 of the Elven Halls)

   [amulet of regeneration]

   It protects you from fire.
   It affects your resistance to hostile enchantments.
   It increases your rate of regeneration.
 m - the amulet "Axink" (around neck) {*Contam +Rage rPois rN++ Int+3}
   (You found it on level 1 of the Elven Halls)

   [amulet of rage]

   It affects your intelligence (+3).
   It protects you from poison.
   It greatly protects you from negative energy.
   It lets you go berserk.
   It causes magical contamination when unequipped.
 u - the ring of Phasing (right claw) {EV+8}
   (You took it off a deep elf sorcerer on level 3 of the Elven Halls)

   [ring of evasion]

   It affects your evasion (+8).
 y - the ring of Hapresul {rCorr +Inv}
   (You took it off a deep elf death mage on level 3 of the Elven Halls)

   [ring of resist corrosion]

   It lets you turn invisible.
 D - the ring of Okeu {rF+ rN+ Str-2 Int+3 Dex+6}
   (You took it off a deep elf blademaster on level 3 of the Elven Halls)

   [ring of protection from fire]

   It affects your strength (-2).
   It affects your intelligence (+3).
   It affects your dexterity (+6).
   It protects you from fire.
   It protects you from negative energy.
 Q - the amulet "Cana Ryamm" {Acrobat rElec}
   (You found it in the Desolation of Salt)

   [amulet of the acrobat]

   It helps you evade while moving and waiting.
   It insulates you from electricity.
 U - the ring "Qaunk" (left claw) {EV+4 Str-2 Dex+8}
   (You found it in the Desolation of Salt)

   [ring of evasion]

   It affects your evasion (+4).
   It affects your strength (-2).
   It affects your dexterity (+8).
Wands
 J - a wand of digging (55)
Scrolls
 a - 7 scrolls of acquirement
 b - 18 scrolls of teleportation
 g - 11 scrolls of enchant armour
 h - 25 scrolls of remove curse
 i - a scroll of blinking
 k - 16 scrolls of amnesia
 r - 2 scrolls of silence
 C - 6 scrolls of magic mapping
 I - 7 scrolls of fog
 K - 6 scrolls of fear
 S - 5 scrolls of identify
Potions
 d - 10 potions of might
 e - 20 potions of curing
 j - 12 potions of brilliance
 n - 9 potions of agility
 s - 9 potions of magic
 t - 3 potions of berserk rage
 v - 6 potions of heal wounds
 w - 8 potions of haste
 x - 4 potions of flight
 A - a potion of invisibility
 B - 4 potions of cancellation
 H - 6 potions of lignification
 N - 2 potions of resistance
 P - 4 potions of ambrosia
 R - 7 potions of mutation
Books
 L - a manual of Polearms
Miscellaneous
 O - the horn of Geryon
Comestibles
 f - 79 rations


   Skills:
 + Level 21.2(26.2) Fighting
   Level 1.0(6.0) Long Blades
 + Level 22.1(27) Axes
 + Level 19.6(24.6) Armour
 + Level 17.9(22.9) Dodging
 - Level 2.8(7.8) Stealth
 + Level 19.6(24.6) Shields
 - Level 1.2(6.2) Unarmed Combat
 - Level 16.5 Invocations


You had 26 spell levels left.
You didn't know any spells.
Your spell library contained the following spells:

 Spells                   Type           Power        Failure   Level  Hunger
 Beastly Appendage        Tmut           #.....       80%         1    ##.....
 Corona                   Hex            #......      80%         1    ##.....
 Flame Tongue             Conj/Fire      #....        80%         1    ##.....
 Freeze                   Ice            #...         80%         1    ##.....
 Infusion                 Chrm           #...         80%         1    ##.....
 Magic Dart               Conj           #...         80%         1    ##.....
 Sandblast                Erth           #.....       80%         1    ##.....
 Shock                    Conj/Air       #...         80%         1    ##.....
 Sting                    Conj/Pois      #...         80%         1    ##.....
 Summon Small Mammal      Summ           #...         80%         1    ##.....
 Call Imp                 Summ           #.......     91%         2    ###....
 Corpse Rot               Necr           N/A          91%         2    ###....
 Passwall                 Tmut/Erth      #.......     91%         2    ###....
 Poisonous Vapours        Pois/Air       #.....       91%         2    ###....
 Searing Ray              Conj           #.....       91%         2    ###....
 Shroud of Golubria       Chrm/Tloc      #.........   91%         2    ###....
 Slow                     Hex            #.......     91%         2    ###....
 Song of Slaying          Chrm           #.......     91%         2    ###....
 Sticks to Snakes         Tmut           #.......     91%         2    ###....
 Swiftness                Chrm/Air       #.......     91%         2    ###....
 Throw Frost              Conj/Ice       #.....       91%         2    ###....
 Call Canine Familiar     Summ           #.......     99%         3    ####...
 Confuse                  Hex            #.......     99%         3    ####...
 Conjure Flame            Conj/Fire      #.......     99%         3    ####...
 Dazzling Spray           Conj/Hex       #.....       99%         3    ####...
 Ignite Poison            Fire/Tmut/Pois #.......     99%         3    ####...
 Inner Flame              Hex/Fire       #.......     99%         3    ####...
 Mephitic Cloud           Conj/Pois/Air  #.......     99%         3    ####...
 Ozocubu's Armour         Chrm/Ice       #.......     99%         3    ####...
 Portal Projectile        Hex/Tloc       #.....       99%         3    ####...
 Regeneration             Chrm/Necr      #.........   99%         3    ####...
 Spectral Weapon          Hex/Chrm       #.......     99%         3    ####...
 Spider Form              Tmut/Pois      #.........   99%         3    ####...
 Static Discharge         Conj/Air       #.......     99%         3    ####...
 Stone Arrow              Conj/Erth      #.....       99%         3    ####...
 Summon Guardian Golem    Hex/Summ       #.......     99%         3    ####...
 Tukima's Dance           Hex            #.......     99%         3    ####...
 Airstrike                Air            #.........   100%        4    #####..
 Animate Dead             Necr           N/A          100%        4    #####..
 Cause Fear               Hex            #.........   100%        4    #####..
 Force Lance              Conj/Tloc      #.......     100%        4    #####..
 Fulminant Prism          Conj/Hex       #.........   100%        4    #####..
 Ice Form                 Ice/Tmut       #.......     100%        4    #####..
 Iskenderun's Mystic Bla  Conj           #.......     100%        4    #####..
 Leda's Liquefaction      Hex/Erth       #.........   100%        4    #####..
 Olgreb's Toxic Radiance  Pois           #.......     100%        4    #####..
 Passage of Golubria      Tloc           N/A          100%        4    #####..
 Petrify                  Tmut/Erth      #.......     100%        4    #####..
 Sticky Flame             Conj/Fire      #.......     100%        4    #####..
 Summon Ice Beast         Ice/Summ       #.......     100%        4    #####..
 Summon Lightning Spire   Summ/Air       #.......     100%        4    #####..
 Throw Icicle             Conj/Ice       #.......     100%        4    #####..
 Alistair's Intoxication  Tmut/Pois      #.......     100%        5    ######.
 Blade Hands              Tmut           #.........   100%        5    ######.
 Bolt of Draining         Conj/Necr      #.........   100%        5    ######.
 Bolt of Magma            Conj/Fire/Erth #.........   100%        5    ######.
 Fireball                 Conj/Fire      #.........   100%        5    ######.
 Iskenderun's Battlesphe  Conj/Chrm      #.......     100%        5    ######.
 Lee's Rapid Deconstruct  Erth           #.........   100%        5    ######.
 Lightning Bolt           Conj/Air       #.........   100%        5    ######.
 Silence                  Hex/Air        #.........   100%        5    ######.
 Summon Forest            Summ/Tloc      #.........   100%        5    ######.
 Venom Bolt               Conj/Pois      #.........   100%        5    ######.
 Yara's Violent Unravell  Hex/Tmut       #.........   100%        5    ######.
 Conjure Ball Lightning   Conj/Air       #.........   100%        6    #######
 Darkness                 Hex            #.........   100%        6    #######
 Deflect Missiles         Chrm/Air       #.........   100%        6    #######
 Freezing Cloud           Conj/Ice/Air   #.........   100%        6    #######
 Hydra Form               Tmut           #.........   100%        6    #######
 Invisibility             Hex            #.......     100%        6    #######
 Iron Shot                Conj/Erth      #.........   100%        6    #######
 Poison Arrow             Conj/Pois      #.........   100%        6    #######
 Shadow Creatures         Summ           N/A          100%        6    #######
 Simulacrum               Ice/Necr       #.........   100%        6    #######
 Statue Form              Tmut/Erth      #........    100%        6    #######
 Dragon Form              Tmut           #.........   100%        7    #######
 Malign Gateway           Summ/Tloc      #.........   100%        7    #######
 Monstrous Menagerie      Summ           #.........   100%        7    #######
 Orb of Destruction       Conj           #.........   100%        7    #######
 Ring of Flames           Chrm/Fire      #.........   100%        7    #######
 Spellforged Servitor     Conj/Summ      #.........   100%        7    #######
 Summon Greater Demon     Summ           #.........   100%        7    #######
 Summon Hydra             Summ           #.........   100%        7    #######
 Chain Lightning          Conj/Air       #.........   100%        8    #######
 Discord                  Hex            #.........   100%        8    #######
 Lehudib's Crystal Spear  Conj/Erth      #.........   100%        8    #######
 Summon Horrible Things   Summ           #.........   100%        8    #######
 Dragon's Call            Summ           #.........   100%        9    #######
 Fire Storm               Conj/Fire      #.........   100%        9    #######
 Glaciate                 Conj/Ice       #.........   100%        9    #######
 Shatter                  Erth           #.........   100%        9    #######
 Tornado                  Air            #.........   100%        9    #######


Dungeon Overview and Level Annotations

Branches:
Dungeon (15/15)            Temple (1/1) D:4            Lair (6/6) D:10
 Shoals (4/4) Lair:4       Spider (4/4) Lair:4        Slime (5/5) Lair:6
    Orc (2/2) D:12            Elf (3/3) Orc:2        Vaults (5/5) D:13
  Crypt (3/3) Vaults:2       Tomb (0/3) Crypt:3      Depths (5/5) D:15
   Hell (1/1)                 Dis (7/7) Hell            Geh (0/7) Hell
    Coc (0/7) Hell            Tar (0/7) Hell            Zot (0/5) Depths:5

Altars:
Ashenzari
Cheibriados
Dithmenos
Elyvilon
Fedhas
Gozag
Hepliaklqana
Kikubaaqudgha
Makhleb
Nemelex Xobeh
Okawaru
Qazlal
Ru
Sif Muna
Trog
Uskayaw
Vehumet
Wu Jian
Xom
Yredelemnul
Zin
The Shining One
Beogh
Jiyva

Shops:
D:3 *   D:9 *   Orc:2 *([((   Elf:1 [   Elf:2 [   Elf:3 (   Vaults:1 (
Vaults:5 (

Portals:
Hell: Depths:1 Depths:2 Depths:3 Depths:4 Depths:5
Abyss: Depths:4
Pandemonium: Depths:3 Depths:4
Ziggurat: Depths:2


Innate Abilities, Weirdness & Mutations

You have claws for hands.
You are completely covered in rugged brown scales. (AC +3, +7% HP)
A powerful demonic guardian rushes to your aid.
Your magical and physical power is greatly enhanced at high health.
When hurt, damage is shared between your health and your magic reserves.
You regenerate magic rapidly.
When low on magic, you restore magic in place of health.
Your magical capacity is low. (-10% MP)
You are weak. (Str -2)


Message History

You hear a screech!
You hear a deafening roar!
A frost giant zombie comes into view.
The Brimstone Fiend gestures at you.
The sphere of damnation explodes!
The damnation engulfs you!
* * * LOW HITPOINT WARNING * * *
The damnation engulfs the Brimstone Fiend.
The Brimstone Fiend completely resists.
You slash the Brimstone Fiend!
The Brimstone Fiend is heavily wounded.
You block the Brimstone Fiend's attack. x3
You slash the Brimstone Fiend!
The Brimstone Fiend is heavily wounded.
Unknown command.
You slash the Brimstone Fiend!
The Brimstone Fiend is severely wounded.
You slice the Brimstone Fiend!!
The Brimstone Fiend is almost dead.
The Brimstone Fiend gestures at you.
The sphere of damnation explodes!
The damnation engulfs you!
You die...

#....^.## #.......##.#
#......###Z# #.......##.#
#......###.# #.......##.#
#......###.# #.......##1#
#......###@################
#.......##.................
#......###.################
#....)..##.# #.....####'#
#.....# ... #.....# ...
############# #.....# ##'#
#.#.#.#.#.#.# #.....# ...
#............


You could see a Brimstone Fiend and a frost giant zombie.

Vanquished Creatures
  the Royal Jelly (Slime:5)
  Dispater (Dis:7)
  Mennas (Crypt:2)
  A juggernaut (Depths:3)
  Margery (Depths:3)
  Geryon (Hell)
  3 golden dragons
  A Tzitzimitl (Dis:7)
  9 iron giants
  3 Brimstone Fiends
  A hellephant (Hell)
  The ghost of DEFE the Warrior, an adept GnWn of Gozag (Elf:3)
  10 Hell Sentinels
  5 Ice Fiends
  3 tentacled monstrosities
  A lich (Depths:3)
  The ghost of Wakhat the Tortoise, an adept MiFi of the Shining One (Vaults:3)
  Asterion (Depths:2)
  2 deep elf blademasters (Elf:3)
  2 titans (Vaults:5)
  Murray (Hell)
  5 quicksilver dragons
  14 acid blobs
  5 eldritch tentacles
  Agnes (Elf:2)
  17 ancient champions
  8 sphinxes
  3 storm dragons
  10 tengu reavers
  4 shadow dragons
  6 revenants
  Roxanne (D:15)
  9 azure jellies
  A draconian monk (Depths:5)
  Donald (Elf:2)
  8 fire giants
  8 emperor scorpions
  8 frost giants
  A large abomination (Vaults:5)
  3 ghost moths
  4 imperial myrmidons (Desolation)
  2 balrugs
  2 orc warlords
  11 vault wardens
  A cacodemon (Dis:1)
  6 iron dragons
  6 deep elf sorcerers
  6 deep elf elementalists
  2 ghouls
  2 curse skulls
  14 very ugly things
  24 reapers
  13 war gargoyles
  10 ironheart preservers
  3 deep elf demonologists (Elf:3)
  A spriggan defender (Depths:4)
  21 stone giants
  3 dire elephants (Lair:6)
  6 entropy weavers
  3 vampire knights
  A green draconian (Depths:5)
  9 deep elf annihilators
  A yellow draconian (Depths:5)
  2 halazid warlocks (Desolation)
  A spectral titan (Crypt:3)
  3 lorocyprocas
  3 quicksilver dragon zombies
  5 blizzard demons
  2 crystal guardians (Desolation)
  6 fire dragons
  3 merfolk javelineers (Shoals:4)
  5 green deaths
  8 death oozes
  14 ettins
  2 spectral quicksilver dragons (Crypt:3)
  10 deep elf death magi
  11 ogre magi
  8 deep elf high priests
  2 small abominations (Vaults:5)
  7 merfolk impalers
  A mummy priest (Crypt:3)
  10 great orbs of eyes
  11 eidola
  12 yaktaur captains
  5 jiangshi
  A hell beast (Dis:2)
  5 ragged hierophants (Desolation)
  A quicksilver dragon skeleton (Dis:7)
  Erolcha (D:13)
  6 ice dragons
  30 vault guards
  A hydra (D:13)
  A spectral shadow dragon (Crypt:3)
  5 rakshasas
  9 servants of whispers
  An ice dragon (shapeshifter) (Vaults:2)
  A spriggan air mage (Depths:4)
  8 peacekeepers (Desolation)
  An anaconda (Lair:6)
  8 centaur warriors
  A spectral stone giant (Crypt:3)
  A merfolk avatar (Shoals:1)
  3 death knights
  31 two-headed ogres
  2 spectral frost giants (Crypt:3)
  2 alligator snapping turtles
  2 merfolk aquamancers
  32 dancing weapons
  5 satyrs
  5 vampire magi
  3 hell hogs (Hell)
  3 deep troll earth magi
  12 deep troll shamans
  9 death yaks
  2 orc high priests
  4 tengu warriors
  2 titan zombies (Dis:7)
  Nergalle (Lair:3)
  2 iron golems
  8 sun demons
  6 iron trolls
  3 spriggan berserkers
  A titan skeleton (Crypt:1)
  17 deep elf knights
  2 spectral storm dragons (Crypt:3)
  4 soul eaters
  A storm dragon zombie (Dis:3)
  3 salamander mystics
  48 skeletal warriors
  8 shadow wraiths
  15 hell knights
  3 storm dragon skeletons
  5 golden dragon zombies
  28 deep trolls
  2 unseen horrors
  A shadow demon (Dis:6)
  11 sea snakes
  An unseen horror (shapeshifter) (Vaults:1)
  A swamp dragon (shapeshifter) (Elf:2)
  2 glowing orange brains
  A deep troll (shapeshifter) (Depths:4)
  A tengu zombie (Depths:3)
  11 flayed ghosts
  A wizard (D:13)
  19 phantasmal warriors
  8 anaconda zombies
  A sphinx zombie (Crypt:3)
  2 shadow dragon zombies
  2 spectral hydras (Crypt:3)
  17 orc knights
  3 wolf spider zombies
  A kraken simulacrum (Shoals:4)
  23 ironbrand convokers
  7 deep elf archers
  21 harpies
  8 necromancers
  54 deep elf magi
  14 orb spiders
  An orb spider (shapeshifter) (Depths:2)
  3 human zombies
  2 wolf spiders (shapeshifter) (Vaults:5)
  5 orc sorcerers
  2 stone giant zombies (Crypt:2)
  25 ugly things
  8 manticores
  3 iron dragon zombies
  4 frost giant zombies
  19 fauns
  3 oklob plants
  17 cyclopes
  35 wolf spiders
  A fire giant zombie (Dis:5)
  A spectral shock serpent (Crypt:3)
  A shining eye (Slime:1)
  A shock serpent zombie (Dis:2)
  5 moths of wrath
  6 salamanders
  A stone giant skeleton (Hell)
  45 rust devils
  A centaur zombie (D:14)
  13 merfolk sirens
  3 smoke demons
  7 elephants
  2 eyes of devastation (Slime:2)
  3 fire giant skeletons
  An elephant (shapeshifter) (Depths:4)
  A black mamba (Lair:6)
  7 water nymphs
  3 ice statues
  A dire elephant skeleton (Crypt:2)
  A storm dragon simulacrum (Crypt:3)
  9 spiny frogs
  12 vault sentinels
  5 torpor snails
  2 gargoyles
  A catoblepas zombie (Dis:6)
  A minotaur zombie (Dis:6)
  A white draconian zombie (Crypt:2)
  3 guardian serpents (Desolation)
  A yaktaur (shapeshifter) (D:15)
  A sea snake zombie (Crypt:1)
  2 rime drakes
  3 emperor scorpion zombies
  3 komodo dragons
  A spiny frog (shapeshifter) (Vaults:5)
  10 ice devils
  5 hellions
  A swamp worm zombie (Crypt:1)
  2 black draconian zombies
  An alligator snapping turtle skeleton (Crypt:3)
  18 tormentors
  27 freezing wraiths
  4 demonic crawlers
  A green draconian zombie (Crypt:2)
  2 efreet
  6 guardian mummies (Crypt:3)
  3 kobold demonologists
  39 yaktaurs
  A golden dragon simulacrum (Crypt:3)
  3 tengu conjurers
  A purple draconian skeleton (Crypt:3)
  4 harpy zombies
  2 shadow dragon simulacra (Crypt:3)
  29 merfolk
  6 meliai
  15 red devils
  A tengu simulacrum (Depths:3)
  10 trolls
  20 jumping spiders
  A polar bear (shapeshifter) (Vaults:4)
  5 hydra zombies
  8 polar bears
  A bog body (Crypt:2)
  3 wind drakes
  2 hornets (shapeshifter)
  4 hydra skeletons
  7 hornets
  57 saltlings
  4 fire dragon zombies
  6 blink frogs
  An alligator zombie (Hell)
  12 snapping turtles
  9 hippogriffs
  An ice dragon zombie (Dis:7)
  27 dream sheep
  45 slime creatures
  4 ettin zombies
  A frost giant simulacrum (Crypt:3)
  A meliai zombie (D:14)
  28 flying skulls
  13 shadows
  11 spriggans
  2 fire dragon skeletons
  80 redbacks
  2 spriggans (shapeshifter)
  18 water elementals
  An alligator skeleton (Hell)
  A black mamba zombie (Dis:5)
  31 tarantellas
  A wind drake zombie (Crypt:1)
  A wyvern (D:10)
  An orc simulacrum (Vaults:2)
  12 wraiths
  2 hogs (D:12)
  3 golden eyes (Slime:3)
  3 golden eyes (shapeshifter)
  32 yaks
  A hog (shapeshifter) (Vaults:4)
  2 basilisks
  A steam dragon (Lair:3)
  A yak (shapeshifter) (Depths:5)
  2 vampire mosquitoes (D:15)
  12 fire elementals
  17 humans (D:13)
  A hungry ghost (D:13)
  A catoblepas simulacrum (Crypt:3)
  A merfolk zombie (Dis:7)
  A spectral spiny frog (Crypt:3)
  A soldier ant (D:11)
  An acid dragon (shapeshifter) (D:15)
  An acid dragon (D:13)
  15 wargs
  A floating eye (shapeshifter) (Vaults:5)
  A soldier ant (shapeshifter) (Vaults:3)
  A hydra simulacrum (Hell)
  5 water moccasins
  An ice beast (shapeshifter) (Vaults:5)
  18 hell hounds
  2 porcupines
  33 orc warriors
  A two-headed ogre skeleton (Crypt:2)
  A water nymph skeleton (Crypt:2)
  4 ice beasts
  4 sky beasts
  A spiny frog skeleton (Crypt:2)
  2 manticore zombies
  A lindwurm zombie (Crypt:2)
  A snapping turtle skeleton (Crypt:1)
  2 swamp dragon zombies
  An alligator simulacrum (Hell)
  A black mamba simulacrum (Hell)
  3 phantoms
  A tengu (shapeshifter) (D:15)
  4 black bears
  2 snapping turtle zombies
  2 eyes of draining
  26 ogres
  15 centaurs
  6 boggarts
  3 necrophages
  11 wolves
  An orc skeleton (Vaults:2)
  8 crocodiles
  A fire crab zombie (Crypt:3)
  A komodo dragon zombie (Crypt:2)
  A yaktaur zombie (Crypt:3)
  6 big kobolds
  3 gnoll sergeants (D:12)
  A wyvern zombie (D:12)
  13 bullfrogs
  2 earth elementals
  2 wyvern skeletons
  3 scorpions
  A spriggan zombie (Dis:1)
  A snapping turtle simulacrum (Crypt:1)
  52 killer bees
  2 human simulacra (Vaults:2)
  A howler monkey (D:5)
  24 wights
  An electric eel (Orc:1)
  3 crimson imps
  5 jellies
  3 hounds
  2 quasits
  A basilisk zombie (Crypt:2)
  A soldier ant zombie (Crypt:1)
  Crazy Yiuf (D:6)
  21 orc priests
  35 orc wizards
  2 bullfrog skeletons
  6 centaur skeletons
  19 iron imps
  8 iguanas
  5 hell rats (Hell)
  8 worker ants
  A dwarf zombie (Crypt:1)
  A tengu skeleton (Crypt:1)
  A felid skeleton (Crypt:2)
  5 mummies
  16 adders
  13 gnolls
  A shadow imp (D:13)
  13 white imps
  An ooze (D:1)
  3 adder zombies
  An iguana skeleton (Crypt:3)
  2 worms
  3 dart slugs
  7 leopard geckos
  126 orcs
  2 bat zombies (D:9)
  3 giant cockroaches
  10 goblins
  9 hobgoblins
  10 jackals
  16 kobolds
  2 quokkas
  2 ball pythons
  6 bats
  5 frilled lizards
  6 hobgoblin zombies (Ossuary)
  A jackal skeleton (D:4)
  7 kobold zombies
  9 orc zombies (Ossuary)
  6 rats
  5 rat zombies
  16 butterflies (Elf:1)
  4 crawling corpses
  2 fungi
  41 plants
  A tentacle (Shoals:4)
2751 creatures vanquished.

Vanquished Creatures (collateral kills)
  A juggernaut (Depths:5)
  Saint Roka (Orc:2)
  A caustic shrike (Depths:4)
  A Brimstone Fiend (Dis:7)
  An iron giant (Dis:7)
  An Ice Fiend (Dis:7)
  Gastronok (D:12)
  2 deep elf master archers (Elf:3)
  4 ancient champions
  Kirke (D:12)
  A fire giant (Depths:2)
  A revenant (Crypt:3)
  2 deep elf sorcerers
  An iron dragon (Dis:7)
  A vault warden (Vaults:1)
  2 ghouls (Crypt:2)
  An orc warlord (Depths:4)
  A war gargoyle (Dis:7)
  A curse skull (Crypt:3)
  3 ironheart preservers
  A stone giant (Depths:3)
  A white draconian (Depths:5)
  A vampire knight (Crypt:2)
  3 dire elephants (Lair:6)
  4 deep elf annihilators
  A yellow draconian (Depths:5)
  A fire dragon (Depths:5)
  A merfolk impaler (Shoals:4)
  4 ettins
  2 deep elf death magi (Elf:3)
  A yaktaur captain (Depths:2)
  2 great orbs of eyes
  A vault guard (D:13)
  4 hydras
  A hell beast (Hell)
  2 centaur warriors
  A satyr (Shoals:3)
  6 two-headed ogres
  A dancing weapon (Elf:2)
  A merfolk avatar (Shoals:2)
  A deep troll shaman (Depths:2)
  A deep troll earth mage (Depths:2)
  5 death yaks
  A spriggan berserker (Depths:4)
  An orc high priest (Orc:2)
  A deep elf knight (Elf:2)
  4 skeletal warriors
  2 deep trolls
  A harpy (Shoals:2)
  A necromancer (D:13)
  A wizard (D:13)
  A lindwurm (Lair:6)
  A phantasmal warrior (D:12)
  4 orc knights
  An ironbrand convoker (Vaults:3)
  A wolf spider zombie (D:15)
  2 wolf spiders (Spider:4)
  4 oklob plants
  3 fauns
  5 cyclopes
  2 ugly things
  An orc sorcerer (Orc:2)
  2 deep elf magi
  A merfolk siren (Lair:4)
  2 vault sentinels
  2 black mambas
  A spiny frog (Lair:3)
  A kobold demonologist (D:12)
  A hellion (Dis:6)
  A komodo dragon (Lair:4)
  A demonic crawler (Lair:4)
  A tengu conjurer (Depths:1)
  A freezing wraith (Vaults:5)
  A yaktaur (Depths:5)
  2 red devils (D:12)
  6 polar bears (IceCv)
  A jumping spider (Spider:2)
  A troll (Orc:2)
  4 merfolk
  A hornet (Vaults:4)
  4 slime creatures
  3 saltlings (Desolation)
  7 dream sheep
  2 hippogriffs
  2 blink frogs
  A redback (Spider:2)
  8 yaks
  3 spriggans (Lair:4)
  A water elemental (Depths:1)
  Grum (D:9)
  2 humans (D:13)
  A tarantella (Spider:3)
  A hog (D:12)
  3 basilisks
  3 water moccasins
  A porcupine (Lair:1)
  6 orc warriors
  3 ice beasts
  A necrophage (Crypt:2)
  An eye of draining (Slime:3)
  3 ogres
  3 wolves
  A centaur (Shoals:1)
  A crocodile (Lair:2)
  4 big kobolds (D:12)
  An elf zombie (Ossuary)
  3 bullfrogs
  A water moccasin zombie (D:9)
  A scorpion (D:5)
  5 killer bees
  3 wights (D:6)
  A centaur zombie (Ossuary)
  A human zombie (Ossuary)
  A hound (D:6)
  3 orc priests
  7 orc wizards
  A bullfrog skeleton (D:11)
  An iron imp (Dis:3)
  A mummy (Ossuary)
  A worker ant zombie (D:7)
  A gnoll (D:12)
  3 adders
  A white imp (Depths:1)
  An adder zombie (D:9)
  3 worms (Lair:4)
  13 orcs
  2 giant cockroaches (Lair:4)
  A jackal (D:7)
  3 kobolds (D:12)
  A goblin zombie (Ossuary)
  A hobgoblin zombie (Ossuary)
  5 kobold zombies (Ossuary)
  An orc zombie (Ossuary)
  2 rat zombies (Ossuary)
  3 plants
279 creatures vanquished.

Vanquished Creatures (others)
  An ancient champion (Dis:7)
  A deep elf elementalist (Vaults:5)
  A hell hog (Hell)
  A deep troll (Depths:5)
  A necromancer (Depths:3)
  2 deep elf magi
  A centaur skeleton (D:12)
  A polar bear (IceCv)
  A wraith (Dis:7)
  A human (D:12)
  An orc warrior (Vaults:1)
  An iron imp (Dis:7)
  A hell rat (Hell)
  3 orcs
  10 fungi
  10 plants
  A tentacle (Shoals:4)
38 creatures vanquished.

Grand Total: 3068 creatures vanquished

Notes
Turn   | Place    | Note
-------+----------+-------------------------------------------
     0 | D:1      | galech the Demonspawn Fighter began the quest for the Orb.
     0 | D:1      | Reached XP level 1. HP: 18/18 MP: 1/1
   141 | D:1      | Reached skill level 2 in Axes
   141 | D:1      | Gained mutation: A weak demonic guardian rushes to your
                  | aid. [demonic ancestry]
   141 | D:1      | Reached XP level 2. HP: 19/24 MP: 2/2
   526 | D:2      | Gained mutation: When hurt, damage is shared between your
                  | health and your magic reserves. [demonic ancestry]
   526 | D:2      | Reached XP level 3. HP: 29/29 MP: 3/3
   772 | D:2      | Found a faded altar of an unknown god.
   800 | D:2      | Gained mutation: You have sharp fingernails. [demonic
                  | ancestry]
   800 | D:2      | Reached XP level 4. HP: 35/35 MP: 4/4
   808 | D:2      | Reached skill level 3 in Axes
  1974 | D:3      | Reached XP level 5. HP: 38/41 MP: 3/5
  2233 | D:3      | Found an opulent altar of Gozag.
  2242 | D:3      | Found Gozag's Platinum Reserve.
  2318 | D:3      | Found a glowing silver altar of Zin.
  2945 | D:4      | Reached skill level 4 in Axes
  2945 | D:4      | Gained mutation: A demonic guardian rushes to your aid.
                  | [demonic ancestry]
  2945 | D:4      | Reached XP level 6. HP: 45/47 MP: 6/6
  3002 | D:4      | Found a staircase to the Ecumenical Temple.
  3015 | Temple   | Entered the Ecumenical Temple
  3520 | D:5      | Entered Level 5 of the Dungeon
  3704 | D:5      | Found a sand-covered staircase.
  3708 | Ossuary  | Entered an ossuary
  3792 | Ossuary  | Reached skill level 5 in Axes
  3796 | Ossuary  | Gained mutation: You regenerate magic rapidly. [demonic
                  | ancestry]
  3796 | Ossuary  | Reached XP level 7. HP: 34/52 MP: 4/7
  4017 | D:5      | Found a shadowy altar of Dithmenos.
  4163 | D:5      | Found a sparkling altar of Nemelex Xobeh.
  4212 | D:5      | Found a bloodstained altar of Trog.
  4272 | D:5      | Found a white marble altar of Elyvilon.
  4453 | D:5      | Found a snail-covered altar of Cheibriados.
  5074 | D:6      | Reached skill level 1 in Dodging
  5204 | D:6      | Found an ancient bone altar of Kikubaaqudgha.
  5292 | D:6      | Reached skill level 6 in Axes
  5292 | D:6      | Gained mutation: You are partially covered in rugged brown
                  | scales. (AC +1, +3% HP) [demonic ancestry]
  5292 | D:6      | Reached XP level 8. HP: 48/61 MP: 8/8
  5611 | D:6      | Found a runed door.
  5615 | D:6      | Noticed Crazy Yiuf
  5618 | D:6      | Killed Crazy Yiuf
  5751 | D:7      | Reached skill level 5 in Armour
  5754 | D:7      | Reached skill level 5 in Shields
  5840 | D:7      | Reached skill level 5 in Fighting
  6059 | D:7      | Got a twisted plate armour
  6072 | D:7      | Identified the +8 plate armour "Ymafod" {rF+ rC+ Str+3}
                  | (You found it on level 7 of the Dungeon)
  6616 | D:8      | Reached skill level 7 in Axes
  6616 | D:8      | Reached XP level 9. HP: 61/71 MP: 9/9
  7087 | D:8      | Reached skill level 8 in Axes
  7098 | D:8      | Found a bloodstained altar of Trog.
  7764 | D:9      | Noticed Grum
  7773 | D:9      | Killed Grum
  8181 | D:9      | Found Viliux's Assorted Antiques.
  8249 | D:9      | Found an iron altar of Okawaru.
  8311 | D:9      | Became a worshipper of Warmaster Okawaru
  8349 | D:9      | Gained mutation: When low on magic, you restore magic in
                  | place of health. [demonic ancestry]
  8349 | D:9      | Reached XP level 10. HP: 67/79 MP: 10/10
  8441 | D:9      | Found an ancient bone altar of Kikubaaqudgha.
  8499 | D:10     | Entered Level 10 of the Dungeon
  8515 | D:10     | Noticed a gargoyle
  8522 | D:10     | Killed a gargoyle
  8522 | D:10     | Reached skill level 9 in Axes
  8534 | D:10     | Noticed a two-headed ogre
  8547 | D:10     | Killed a two-headed ogre
  8547 | D:10     | Reached * piety under Okawaru
  8709 | D:10     | Reached ** piety under Okawaru
  8942 | D:10     | Reached skill level 10 in Axes
  8962 | D:10     | Reached *** piety under Okawaru
  8970 | D:10     | Found a staircase to the Lair.
  9647 | D:11     | Noticed a two-headed ogre
  9655 | D:11     | Killed a two-headed ogre
  9655 | D:11     | Reached **** piety under Okawaru
  9655 | D:11     | Reached XP level 11. HP: 62/86 MP: 9/11
  9956 | D:11     | Noticed a green ugly thing
  9964 | D:11     | Killed a green ugly thing
 10053 | D:12     | Noticed Gastronok
 10066 | D:12     | Killed Gastronok
 10156 | D:12     | Noticed Kirke
 10168 | D:12     | Reached skill level 11 in Axes
 10171 | D:12     | Killed Kirke
 10171 | D:12     | Reached ***** piety under Okawaru
 10188 | D:12     | Noticed a skeletal warrior
 10194 | D:12     | Noticed a skeletal warrior
 10194 | D:12     | Noticed a skeletal warrior
 10195 | D:12     | Noticed a skeletal warrior
 10211 | D:12     | Killed a skeletal warrior
 10340 | Lair:1   | Entered Level 1 of the Lair of Beasts
 10558 | Lair:1   | Noticed an oklob plant
 10558 | Lair:1   | Noticed an oklob plant
 10578 | Lair:1   | Killed an oklob plant
 10583 | Lair:1   | Killed an oklob plant
 10695 | Lair:1   | Received a gift from Okawaru
 10696 | Lair:1   | Reached skill level 1 in Unarmed Combat
 10704 | Lair:1   | Got a shimmering scimitar {god gift}
 10705 | Lair:1   | Identified the +8 scimitar of Wondrous Power {chaos, Str+4
                  | Int+4 Stlth-} (Okawaru gifted it to you on level 1 of the
                  | Lair of Beasts)
 10755 | Lair:1   | Noticed a six-headed hydra
 10763 | Lair:1   | Killed a nine-headed hydra
 11092 | Lair:2   | Reached skill level 1 in Long Blades
 11100 | Lair:2   | Noticed an eight-headed hydra
 11127 | Lair:2   | Found a frozen archway.
 11172 | IceCv    | Entered an ice cave
 11187 | IceCv    | Reached skill level 12 in Axes
 11203 | IceCv    | Reached XP level 12. HP: 69/96 MP: 12/12
 11259 | IceCv    | Found the +5 scythe "Finisher" {speed, Str+3}
 11292 | IceCv    | Received a gift from Okawaru
 11625 | IceCv    | Noticed a death yak
 11628 | IceCv    | Reached ****** piety under Okawaru
 11643 | IceCv    | Killed a death yak
 11839 | IceCv    | Noticed a death yak
 11839 | IceCv    | Noticed a frost giant
 11892 | IceCv    | Killed a frost giant
 11892 | IceCv    | Reached skill level 1 in Stealth
 11919 | IceCv    | Killed a death yak
 12240 | Lair:2   | Noticed a four-headed hydra
 12245 | Lair:2   | Killed a six-headed hydra
 12245 | Lair:2   | Reached skill level 13 in Axes
 12250 | Lair:2   | Killed a nine-headed hydra
 12395 | Lair:2   | Reached skill level 1 in Invocations
 12988 | Lair:3   | Noticed a death yak
 12988 | Lair:3   | Noticed a death yak
 12988 | Lair:3   | Noticed a death yak
 12988 | Lair:3   | Noticed a death yak
 12990 | Lair:3   | Noticed a death yak
 12990 | Lair:3   | Noticed a death yak
 12995 | Lair:3   | Killed a death yak
 13022 | Lair:3   | Killed a death yak
 13032 | Lair:3   | Killed a death yak
 13033 | Lair:3   | Killed a death yak
 13033 | Lair:3   | Received a gift from Okawaru
 13033 | Lair:3   | Reached XP level 13. HP: 61/104 MP: 11/13
 13049 | Lair:3   | Got a smoking animal skin {god gift}
 13060 | Lair:3   | Identified the +1 animal skin of Hedge Wizardry {MR+ Int+3}
                  | (Okawaru gifted it to you on level 3 of the Lair of Beasts)
 13225 | Lair:3   | Noticed Nergalle
 13242 | Lair:3   | Killed Nergalle
 13521 | D:9      | Bought a runed hand axe for 174 gold pieces
 14395 | Lair:4   | Found a staircase to the Shoals.
 14638 | Lair:4   | Found a hole to the Spider Nest.
 15050 | Lair:5   | Reached skill level 10 in Fighting
 15266 | Lair:5   | Reached skill level 14 in Axes
 16275 | Lair:5   | Received a gift from Okawaru
 16280 | Lair:5   | Got a crude broad axe {god gift}
 16281 | Lair:5   | Identified the +11 broad axe "Asois" {chop, +Rage MR++ MP-9
                  | Dex+4} (Okawaru gifted it to you on level 5 of the Lair of
                  | Beasts)
 16367 | Lair:6   | Entered Level 6 of the Lair of Beasts
 16451 | Lair:6   | Reached skill level 10 in Shields
 16479 | Lair:6   | Received a gift from Okawaru
 16497 | Lair:6   | Got an ancient plate armour {god gift}
 16510 | Lair:6   | Identified the +3 plate armour of the Thirteen Seas {*Drain
                  | rPois Int+10} (Okawaru gifted it to you on level 6 of the
                  | Lair of Beasts)
 16638 | Lair:6   | Gained mutation: You have very sharp fingernails. [demonic
                  | ancestry]
 16638 | Lair:6   | Reached XP level 14. HP: 101/114 MP: 5/14
 16848 | Lair:6   | Found a shimmering altar of Xom.
 17035 | Lair:6   | Found a viscous altar of Jiyva.
 17038 | Lair:6   | Found a staircase to the Slime Pits.
 17642 | Lair:6   | Got a transparent chain mail
 17658 | Lair:6   | Identified the +3 chain mail of Ogorgh {rC+ Str-5 Dex+8
                  | Slay+5} (You found it on level 6 of the Lair of Beasts)
 17706 | Lair:6   | Reached skill level 15 in Axes
 17794 | Lair:6   | Received a gift from Okawaru
 17988 | D:12     | Reached skill level 10 in Armour
 18748 | D:12     | Found a staircase to the Orcish Mines.
 18754 | Orc:1    | Entered Level 1 of the Orcish Mines
 18947 | Orc:1    | Received a gift from Okawaru
 19617 | Orc:1    | Noticed a stone giant
 19633 | Orc:1    | Killed a stone giant
 19773 | Orc:1    | Got a smelly leather armour
 19775 | Orc:1    | Got a slimy mace
 19786 | Orc:1    | Identified the +2 leather armour "Dasigges" {rElec MP+9
                  | Int+4} (You found it on level 1 of the Orcish Mines)
 19796 | Orc:1    | Identified the cursed +0 mace of Atu Ika {protect, MR+}
                  | (You found it on level 1 of the Orcish Mines)
 19801 | Orc:1    | Identified a scroll of acquirement
 19819 | Orc:1    | Found the +10 morningstar "Eos" {elec, Halo rElec}
 19876 | Orc:2    | Entered Level 2 of the Orcish Mines
 19990 | Orc:2    | Found a staircase to the Elven Halls.
 20026 | Orc:2    | Found a roughly hewn altar of Beogh.
 20163 | Orc:2    | Found a roughly hewn altar of Beogh.
 20164 | Orc:2    | Found Zivabrut's General Store.
 20250 | Orc:2    | Found a roughly hewn altar of Beogh.
 20368 | Orc:2    | Found Ipri's Antique Weapon Boutique.
 20374 | Orc:2    | Noticed an orc warlord
 20389 | Orc:2    | Killed an orc warlord
 20608 | Orc:2    | Found a roughly hewn altar of Beogh.
 20618 | Orc:2    | Gained mutation: You have claws for hands. [demonic
                  | ancestry]
 20618 | Orc:2    | Reached XP level 15. HP: 117/123 MP: 8/17
 20633 | Orc:2    | Found Ichuv's Weapon Boutique.
 20765 | Orc:2    | Noticed Saint Roka
 21334 | Orc:2    | Killed Saint Roka
 21439 | Orc:2    | Found a roughly hewn altar of Beogh.
 21439 | Orc:2    | Found Ugeepit's Antique Armour Shop.
 21444 | Orc:2    | Found Qutuuna's Antique Weapon Boutique.
 21453 | Orc:2    | Bought the +0 mask of the Dragon {MR+ Slay+3 SInv} for 601
                  | gold pieces
 21453 | Orc:2    | Found the +0 mask of the Dragon {MR+ Slay+3 SInv}
 21607 | D:13     | Noticed Erolcha
 21612 | D:13     | Killed Erolcha
 21729 | D:13     | Reached skill level 5 in Invocations
 21768 | D:13     | Received a gift from Okawaru
 21842 | D:13     | Reached skill level 5 in Dodging
 21865 | D:13     | Found a gate to the Vaults.
 23187 | D:15     | Entered Level 15 of the Dungeon
 23241 | D:15     | Reached skill level 16 in Axes
 23334 | D:15     | Received a gift from Okawaru
 23343 | D:15     | Got a brightly glowing scale mail {god gift}
 23354 | D:15     | Identified the +1 scale mail of Negligence {rC- Str+2
                  | Dex+6} (Okawaru gifted it to you on level 15 of the
                  | Dungeon)
 23476 | D:15     | Found a staircase to the Depths.
 23670 | D:15     | Reached XP level 16. HP: 132/132 MP: 12/21
 23726 | D:15     | Noticed Roxanne
 23743 | D:15     | Killed Roxanne
 23744 | D:15     | Identified Roxanne's Tome of Transformation (You took it
                  | off Roxanne on level 15 of the Dungeon)
 24165 | Elf:1    | Entered Level 1 of the Elven Halls
 24316 | Elf:1    | Found Kabbeus's Antique Armour Emporium.
 24901 | Elf:1    | Received a gift from Okawaru
 24957 | Elf:1    | Found a huge runed gate.
 24957 | Elf:1    | Found a huge runed gate.
 24957 | Elf:1    | Found a huge runed gate.
 24958 | Elf:1    | Found a huge runed gate.
 24958 | Elf:1    | Found a huge runed gate.
 24959 | Elf:1    | Found a huge runed gate.
 24962 | Elf:1    | Found a huge runed gate.
 24965 | Elf:1    | Identified the amulet "Axink" {*Contam +Rage rPois rN++
                  | Int+3} (You found it on level 1 of the Elven Halls)
 24975 | Elf:1    | Found a huge runed gate.
 24975 | Elf:1    | Found a huge runed gate.
 24976 | Elf:1    | Found a huge runed gate.
 24978 | Elf:1    | Found a huge runed gate.
 24978 | Elf:1    | Found a huge runed gate.
 24978 | Elf:1    | Found a huge runed gate.
 24978 | Elf:1    | Found a huge runed gate.
 24978 | Elf:1    | Found a huge runed gate.
 24978 | Elf:1    | Found a huge runed gate.
 24979 | Elf:1    | Found a huge runed gate.
 24980 | Elf:1    | Found a huge runed gate.
 24981 | Elf:1    | Found a huge runed gate.
 24989 | Elf:1    | Found a huge runed gate.
 24989 | Elf:1    | Found a huge runed gate.
 25807 | Elf:1    | Identified Builies's Disquisition on Creative Confrontation
 25882 | Elf:1    | Found a huge runed gate.
 25882 | Elf:1    | Found a huge runed gate.
 25882 | Elf:1    | Found a huge runed gate.
 25943 | Elf:2    | Found Vuffasch's Armour Shop.
 26005 | Elf:2    | Found a ruined gateway.
 26112 | Desolati | Entered the Desolation of Salt
 26148 | Desolati | Received a gift from Okawaru
 26542 | Desolati | Identified the Tome of Conjuration and Unholy Rituals
 26546 | Desolati | Got a faintly humming large shield
 26557 | Desolati | Identified the +2 large shield of the Gusle {rC+ Str+2}
                  | (You found it in the Desolation of Salt)
 26848 | Desolati | Received a gift from Okawaru
 26918 | Desolati | Reached XP level 17. HP: 120/141 MP: 8/24
 26973 | Desolati | Got a sparkling platinum amulet
 26976 | Desolati | Got a pitted platinum ring
 26978 | Desolati | Got a clouded glass ring
 26981 | Desolati | Identified the Compendium of Shape Shifting and Cold
 26988 | Desolati | Identified the amulet "Cana Ryamm" {Acrobat rElec} (You
                  | found it in the Desolation of Salt)
 26989 | Desolati | Identified the ring of Idda {rN+ Dex+4} (You found it in
                  | the Desolation of Salt)
 26991 | Desolati | Identified the ring "Qaunk" {EV+4 Str-2 Dex+8} (You found
                  | it in the Desolation of Salt)
 27064 | Desolati | Reached skill level 10 in Invocations
 27089 | Desolati | Got a translucent scale mail
 27101 | Desolati | Identified the cursed +1 scale mail of the Dice {rPois
                  | Int-2 Slay+3} (You found it in the Desolation of Salt)
 27259 | Desolati | Found the +6 shillelagh "Devastator" {shatter}
 27300 | Desolati | Received a gift from Okawaru
 27338 | Desolati | Got an opal-encrusted chain mail
 27350 | Desolati | Identified the +7 chain mail of the Alphagorgon {rC+ Regen+
                  | Int+3} (You found it in the Desolation of Salt)
 27368 | Desolati | Identified the Collected Works on Aerial Arcane Weapons
 28124 | Elf:2    | Found a runed gate.
 28124 | Elf:2    | Found a runed gate.
 28125 | Elf:2    | Found a runed gate.
 28463 | Elf:2    | Received a gift from Okawaru
 28529 | Elf:2    | Noticed Agnes
 28539 | Elf:2    | Killed Agnes
 28571 | Elf:2    | Noticed Donald
 28579 | Elf:2    | Killed Donald
 29152 | Elf:3    | Entered Level 3 of the Elven Halls
 29606 | Elf:3    | Reached skill level 17 in Axes
 29707 | Elf:3    | Noticed a deep elf blademaster
 29719 | Elf:3    | Killed a deep elf blademaster
 29726 | Elf:3    | Found a runed door.
 29726 | Elf:3    | Noticed DEFE's ghost (adept GnWn)
 29743 | Elf:3    | Killed DEFE's ghost
 29743 | Elf:3    | Reached XP level 18. HP: 132/150 MP: 15/26
 29812 | Elf:3    | Got a smoking wooden ring
 30001 | Elf:3    | Got a slimy marble ring
 30183 | Elf:3    | Identified the ring of Okeu {rF+ rN+ Str-2 Int+3 Dex+6}
                  | (You took it off a deep elf blademaster on level 3 of the
                  | Elven Halls)
 30185 | Elf:3    | Identified the ring of Hapresul {rCorr +Inv} (You took it
                  | off a deep elf death mage on level 3 of the Elven Halls)
 30191 | Elf:3    | Found Naneasif's Antique Weapon Boutique.
 30255 | Elf:3    | Received a gift from Okawaru
 30634 | Elf:3    | Got a wavering crystal amulet
 30958 | Elf:3    | Received a gift from Okawaru
 30962 | Elf:3    | Got a transparent troll leather armour {god gift}
 30973 | Elf:3    | Identified the +0 troll leather armour of the Sun {rC-
                  | Regen+ Dex+4} (Okawaru gifted it to you on level 3 of the
                  | Elven Halls)
 31115 | Elf:3    | Found the +6 arbalest "Damnation" {damnation}
 31115 | Elf:3    | Identified Xogh's Catalogue of the Captivating Rocks
 31348 | Elf:3    | Got an ichor-stained leather armour
 31359 | Elf:3    | Identified the +1 leather armour of Polish {Str+3 Dex-2
                  | SInv} (You took it off a deep elf death mage on level 3 of
                  | the Elven Halls)
 31702 | Depths:1 | Entered Level 1 of the Depths
 31988 | Depths:1 | Identified the amulet "Kokicumi" {rF+ MR++ Regen+} (You
                  | took it off a deep elf elementalist on level 3 of the Elven
                  | Halls)
 32185 | Depths:1 | Noticed an Ice Fiend
 32201 | Depths:1 | Killed an Ice Fiend
 32530 | Depths:1 | Reached skill level 10 in Dodging
 32693 | Depths:1 | Found a gateway to Hell.
 33084 | Depths:2 | Received a gift from Okawaru
 33125 | Depths:2 | Gained mutation: You are mostly covered in rugged brown
                  | scales. (AC +2, +5% HP) [demonic ancestry]
 33125 | Depths:2 | Reached XP level 19. HP: 152/161 MP: 19/28
 33338 | Depths:2 | Reached skill level 15 in Fighting
 33367 | Depths:2 | Found a snail-covered altar of Cheibriados.
 33523 | Depths:2 | Found a gateway to a ziggurat.
 34184 | Depths:2 | Noticed Asterion
 34196 | Depths:2 | Killed Asterion
 35486 | Depths:3 | Noticed Margery
 35501 | Depths:3 | Killed Margery
 35501 | Depths:3 | Received a gift from Okawaru
 35564 | Depths:3 | Got a distressingly furry helmet {god gift}
 35698 | Depths:3 | Identified the +0 helmet of Snakes and Ladders {MR+ Dex+4}
                  | (Okawaru gifted it to you on level 3 of the Depths)
 35969 | Depths:3 | Noticed a juggernaut
 35983 | Depths:3 | Killed a juggernaut
 36547 | Depths:3 | Found a one-way gate leading to the halls of Pandemonium.
 36833 | Depths:4 | Reached XP level 20. HP: 144/171 MP: 19/30
 37125 | Depths:4 | Reached skill level 18 in Axes
 37336 | Depths:4 | Received a gift from Okawaru
 37534 | Depths:4 | Noticed a caustic shrike
 37543 | Depths:4 | Killed a caustic shrike
 38094 | Depths:4 | Received a gift from Okawaru
 38109 | Depths:4 | Got a pair of slimy boots {god gift}
 38120 | Depths:4 | Identified the +2 pair of boots of Lorirch {rC- Dex+5}
                  | (Okawaru gifted it to you on level 4 of the Depths)
 38443 | Depths:4 | Got a crude scale mail
 38454 | Depths:4 | Identified the +0 scale mail "Sehet" {rF+ Str+3 SInv
                  | Stlth+} (You found it on level 4 of the Depths)
 38486 | Depths:4 | Found a one-way gate to the infinite horrors of the Abyss.
 38568 | Depths:4 | Reached skill level 15 in Invocations
 38579 | Depths:5 | Entered Level 5 of the Depths
 38882 | Depths:5 | Noticed a golden dragon
 38903 | Depths:5 | Killed a golden dragon
 39277 | Depths:5 | Found a gate to the Realm of Zot.
 39310 | Depths:5 | Received a gift from Okawaru
 39447 | Depths:5 | Noticed a juggernaut
 39456 | Depths:5 | Killed a juggernaut
 39489 | Depths:5 | Gained mutation: You are completely covered in rugged brown
                  | scales. (AC +3, +7% HP) [demonic ancestry]
 39489 | Depths:5 | Reached XP level 21. HP: 111/182 MP: 17/32
 40269 | Spider:1 | Entered Level 1 of the Spider Nest
 40305 | Spider:1 | Received a gift from Okawaru
 40308 | Spider:1 | Got an ancient broad axe {god gift}
 40309 | Spider:1 | Identified the +1 broad axe "Woise" {pain, rPois Stlth+}
                  | (Okawaru gifted it to you on level 1 of the Spider Nest)
 41628 | Spider:3 | Reached skill level 15 in Shields
 41936 | Spider:3 | Reached skill level 15 in Armour
 42027 | Spider:4 | Entered Level 4 of the Spider Nest
 42040 | Spider:4 | Received a gift from Okawaru
 42733 | Spider:4 | Received a gift from Okawaru
 43109 | Spider:4 | Got a gossamer rune of Zot
 43575 | Shoals:1 | Entered Level 1 of the Shoals
 45423 | Shoals:3 | Gained mutation: Your magical and physical power is
                  | slightly enhanced at high health. [demonic ancestry]
 45423 | Shoals:3 | Reached XP level 22. HP: 185/192 MP: 25/34
 45827 | Shoals:3 | Received a gift from Okawaru
 45846 | Shoals:3 | Got a jewelled cloak {god gift}
 45857 | Shoals:3 | Identified the -7 cloak of the Greedy {rF+} (Okawaru gifted
                  | it to you on level 3 of the Shoals)
 45963 | Shoals:4 | Entered Level 4 of the Shoals
 46153 | Shoals:4 | Got a barnacled rune of Zot
 46230 | Shoals:4 | Reached skill level 19 in Axes
 46496 | Shoals:4 | Got a steaming platinum ring
 46497 | Shoals:4 | Identified the ring "Eppoum" {Str+5 Stlth-} (You found it
                  | on level 4 of the Shoals)
 46637 | Shoals:4 | Got a crude plate armour
 46648 | Shoals:4 | Identified the cursed +0 plate armour of the Unbroken {+Inv
                  | rC+ Int+2} (You found it on level 4 of the Shoals)
 47291 | Vaults:1 | Entered Level 1 of the Vaults
 47461 | Vaults:1 | Found Noycsul's Weapon Shop.
 47871 | Vaults:1 | Received a gift from Okawaru
 48514 | Vaults:2 | Found a staircase to the Crypt.
 48954 | Vaults:2 | Received a gift from Okawaru
 49631 | Vaults:3 | Reached XP level 23. HP: 199/201 MP: 24/35
 50296 | Vaults:3 | Found a runed door.
 50297 | Vaults:3 | Noticed Wakhat's ghost (adept MiFi)
 50330 | Vaults:3 | Killed Wakhat's ghost
 50388 | Vaults:3 | Received a gift from Okawaru
 50393 | Vaults:3 | Got a warped shield {god gift}
 50404 | Vaults:3 | Identified the +3 shield of Ciblier {rN+ Str+6 Int+2 Dex-3}
                  | (Okawaru gifted it to you on level 3 of the Vaults)
 52093 | Vaults:5 | Entered Level 5 of the Vaults
 52112 | Vaults:5 | Received a gift from Okawaru
 52640 | Vaults:5 | Gained mutation: Your magical and physical power is
                  | enhanced at high health. [demonic ancestry]
 52640 | Vaults:5 | Reached XP level 24. HP: 168/212 MP: 20/35
 52647 | Vaults:4 | Reached skill level 20 in Axes
 52894 | Vaults:5 | Received a gift from Okawaru
 52942 | Vaults:5 | Reached skill level 15 in Dodging
 53003 | Vaults:5 | Got a pitted plate armour {god gift}
 53086 | Vaults:5 | Identified the +7 plate armour "Patunile" {rF+ MR++ Regen+
                  | Slay-5} (Okawaru gifted it to you on level 5 of the Vaults)
 53236 | Vaults:5 | Found Ymnateump's Weapon Shop.
 53560 | Vaults:5 | Identified Edyxaog's Reference Book on the Enthralling
                  | Frostbite
 53567 | Vaults:5 | Got a silver rune of Zot
 53683 | Vaults:5 | Identified a +1 pair of boots of running (You found it on
                  | level 5 of the Vaults)
 54314 | Slime:1  | Entered Level 1 of the Pits of Slime
 54820 | Slime:4  | Received a gift from Okawaru
 54823 | Slime:4  | Got a bloodstained broad axe {god gift}
 54824 | Slime:4  | Identified the +4 broad axe "Ephoukla" {drain, *Contam +Inv
                  | rC+ Stlth+} (Okawaru gifted it to you on level 4 of the
                  | Pits of Slime)
 54834 | Slime:5  | Entered Level 5 of the Pits of Slime
 54841 | Slime:5  | Gained mutation: Your magical capacity is low. (-10% MP)
                  | [mutagenic glow]
 55062 | Slime:5  | Noticed the Royal Jelly
 55086 | Slime:5  | Killed the Royal Jelly
 55244 | Slime:5  | Found the +2 cloak of the Thief {+Fog Slay-2 SInv Stlth+}
 55260 | Slime:5  | Got a slimy rune of Zot
 55261 | Slime:5  | Identified Niefizaf's Incunabulum of Enchanting Creation
 55288 | Slime:5  | Got a slimy marble ring
 55307 | Slime:5  | Identified the ring "Kuluull" {*Tele +Fly MR+ Int+3} (You
                  | found it on level 5 of the Pits of Slime)
 55327 | Slime:5  | Got a coiled bronze ring
 55356 | Slime:5  | Identified the ring "Golugon" {rF+ Str+2 Dex+3} (You found
                  | it on level 5 of the Pits of Slime)
 55357 | Slime:5  | Identified the +4 chain mail of Focus {rElec rC- Int+2}
                  | (You found it on level 5 of the Pits of Slime)
 55375 | Slime:5  | Got a glittering iron ring
 55387 | Slime:5  | Identified the ring "Xuurghot" {rPois Dex+3} (You found it
                  | on level 5 of the Pits of Slime)
 55689 | Crypt:1  | Entered Level 1 of the Crypt
 55929 | Crypt:1  | Reached XP level 25. HP: 35/221 MP: 8/31
 56646 | Crypt:1  | Received a gift from Okawaru
 56651 | Crypt:1  | Got an encrusted war axe {god gift}
 56652 | Crypt:1  | Identified the +8 war axe of the Orcish Mines {venom,
                  | *Corrode rN+ Str+4 Int+7} (Okawaru gifted it to you on
                  | level 1 of the Crypt)
 56844 | Crypt:2  | Noticed Mennas
 56861 | Crypt:2  | Killed Mennas
 57694 | Crypt:3  | Entered Level 3 of the Crypt
 57753 | Crypt:3  | Found a staircase to the Tomb.
 58016 | Crypt:3  | Received a gift from Okawaru
 58023 | Crypt:3  | Got a scorched buckler {god gift}
 58034 | Crypt:3  | Identified the +1 buckler "Bomnemon" {*Corrode Str+6}
                  | (Okawaru gifted it to you on level 3 of the Crypt)
 59056 | Crypt:3  | Got a crude jade amulet
 59057 | Crypt:3  | Identified the amulet of Desertification {Harm *Drain rC++
                  | Int+4} (You found it on level 3 of the Crypt)
 59098 | Crypt:3  | Identified the +3 leather armour of the Skies Above {rN++}
                  | (You found it on level 3 of the Crypt)
 59666 | Hell     | Entered the Vestibule of Hell
 59666 | Hell     | Noticed Geryon
 59711 | Hell     | Killed Geryon
 59739 | Hell     | Reached skill level 21 in Axes
 59837 | Hell     | Found a gateway to the ashen valley of Gehenna.
 59927 | Hell     | Received a gift from Okawaru
 59929 | Hell     | Found a gateway to the freezing wastes of Cocytus.
 59970 | Hell     | Found a gateway to the Iron City of Dis.
 59991 | Hell     | Noticed Murray
 60010 | Hell     | Killed Murray
 60091 | Hell     | Found a gateway to the decaying netherworld of Tartarus.
 60281 | Dis:1    | Entered Level 1 of the Iron City of Dis
 60596 | Dis:2    | Gained mutation: Your magical and physical power is greatly
                  | enhanced at high health. [demonic ancestry]
 60596 | Dis:2    | Reached XP level 26. HP: 215/232 MP: 22/31
 61382 | Dis:2    | Gained mutation: You are weak. (Str -2) [mutagenic glow]
 62355 | Dis:6    | Received a gift from Okawaru
 62377 | Dis:6    | Got a pair of distressingly furry boots {god gift}
 62388 | Dis:6    | Identified the +0 pair of boots "Abroro" {MR+} (Okawaru
                  | gifted it to you on level 6 of the Iron City of Dis)
 63161 | Dis:7    | Entered Level 7 of the Iron City of Dis
 64227 | Dis:7    | Received a gift from Okawaru
 64292 | Dis:7    | Gained mutation: A powerful demonic guardian rushes to your
                  | aid. [demonic ancestry]
 64292 | Dis:7    | Reached XP level 27. HP: 102/237 MP: 10/31
 65522 | Dis:7    | Reached skill level 22 in Axes
 65834 | Dis:7    | Noticed Dispater
 65869 | Dis:7    | Killed Dispater
 65953 | Dis:7    | Identified the Catalogue of Arcane Weapons
 65956 | Dis:7    | Got an iron rune of Zot
 66217 | Dis:7    | HP: 4/243 [Brimstone Fiend/damnation (9)]
 66221 | Dis:7    | Killed from afar by a Brimstone Fiend

Vault maps used:
D:1:      dpeg_arrival_refuge
D:2:      chequers_ecumenical_altar_simple
D:3:      zin_scriptorium, nicolae_gozag_zags_fifth_avenue, grunt_ministairs_5,
          minmay_statues_item
D:4:      minmay_temple_entry_statues_pillars, first_ration,
          minmay_misc_feat_plants
D:5:      grunt_dithmenos_smoke, nemelex_xobeh_ov_fountains_minmay, minitemple,
          cheibriados_altar_1, enter_ossuary_5
D:6:      basic_altar, kennysheep_nub, kennysheep_generic_room_5,
          uniq_crazy_yiuf_cottage
D:7:      minmay_hedge_maze
D:8:      trog_ov_bears_minmay
D:9:      lemuel_zombie_altar_kikubaaqudgha, okawaru_trees_2, serial_shops,
          kennysheep_mini, uniq_grum
D:10:     david_lair_generic
D:11:     blue_anna_alchemist
D:12:     cheibrodos_quadrivalence, kennysheep_orc_monster_closet_entryway,
          uniq_gastronok, uniq_kirke
D:13:     grunt_vaults_entry_tiered, uniq_erolcha
D:14:     grunt_decor_cap
D:15:     gammafunk_enter_depths_forms, grunt_ministairs_5, uniq_roxanne
Temple:   nicolae_temple_figure_eight
Lair:1:   serial_bayou_shore_b, serial_bayou_shore_b, minmay_lair_oklob_chamber
Lair:2:   portal_ice_cave_entry_imps, wad_woods_road_04, grunt_megastairs_3
Lair:3:   bh_autumn_forest_stairs, uniq_nergalle
Lair:4:   wad_woods_minihive, elwin_shoals_entry_stream,
          nicolae_spider_entry_non_spiders
Lair:5:   minmay_lair_oklob_tunnel, wad_woods_03
Lair:6:   due_jungle_book, slime_altar_1, basic_altar
Shoals:1: nicolae_shoals_water_elemental_grotto
Shoals:3: cheibrodos_shoals_oceanic_diplomacy
Shoals:4: shoals_end_grunt_ice, nicolae_shoals_arrival_archipelago
Spider:3: spiders_nest_spider_trap
Spider:4: grunt_spider_rune_circles
Slime:3:  cheibrodos_slime_lost_civilization_4
Orc:1:    giant_chief_lemuel, nooodl_orcs_dogs
Orc:2:    grunt_orc_community_town_hall, grunt_orc_community_big_house_1,
          grunt_orc_community_big_house_2, grunt_orc_community_house_3,
          grunt_orc_community_house_1, grunt_orc_community_house_2,
          grunt_orc_community_house_1, grunt_orc_community_house_3,
          serial_shops, nicolae_shop_overgrown_old_shop
Elf:1:    serial_shops, shop, minmay_elf_sorcery, not_door_vault_mu, spider_trap
Elf:2:    portal_desolation_entry_nicolae_nacl, serial_shops,
          nicolae_shop_stone, uniq_agnes, uniq_donald
Elf:3:    grunt_elf_hall_branching, gammafunk_ghost_grave, serial_shops,
          nicolae_shop_stone
Vaults:1: nicolae_vaults_twisting_passages, nicolae_vaults_diagonal_hallway_8,
          hangedman_vaults_corner_blocks, hangedman_vaults_locks, v_pattern_1,
          vaults_standard_mumra_enter_the_diamond, nicolae_vaults_specimen_jars,
          v_misc_24, vaults_dpeg_ring, v_rooms_6, grunt_vaults_hallway_long,
          v_misc_3, nicolae_vaults_theta, ontoclasm_vaults_fault,
          vaults_dpeg_encased_lava, v_misc_13, serial_shops, shop
Vaults:2: ontoclasm_vaults_spin, st_quartered_hall, v_misc_27,
          minmay_crypt_entry_simple_box, nicolae_vaults_network_quinsquares,
          ontoclasm_vaults_ring_square, vaults_dpeg_hooks,
          nicolae_vaults_little_squares_6
Vaults:3: ebering_vaults_ghost_reflecting_pool, vaults_room_door_ring,
          vaults_room_pool, v_misc_15, hangedman_vaults_unwind,
          nicolae_vaults_little_squares_1, v_pattern_4, v_misc_15,
          vaults_mumra_hex, nicolae_vaults_quartermaster
Vaults:4: ontoclasm_vaults_ring_small, nicolae_vaults_border_crossing,
          hangedman_vaults_river_flow, vaults_room_pools, hangedman_vaults_maws,
          vaults_room_fours, vaults_dpeg_doors, v_alt_pattern_1,
          vaults_room_hallway, hangedman_vaults_trim
Vaults:5: serial_shops
Crypt:1:  hangedman_weighted_door, grunt_crypt_arrival_webbed
Crypt:2:  uniq_mennas
Crypt:3:  due_elkab, tomb_entry_shell_bobbens
Depths:1: pf_hell_entry_tar_spiral, kennysheep_pointless_box,
          serial_bayou_lagoon_a, ice2_lemuel, serial_bayou_shore_b
Depths:2: pf_snail_temple, enter_ziggurat_d, hellmouth_1, uniq_asterion
Depths:3: kennysheep_scales, dk_noncrumbling_2, pan_entry,
          pf_hell_entry_great_geh, uniq_margery
Depths:4: kennysheep_large_spiral, pan_entry, abyss_entry_crystal, hell_entry,
          minmay_orc_keep
Depths:5: evilmike_zot_entry_basic, hell_entry, minivault_11,
          grunt_megastairs_5, serial_bayou_shore_b
Dis:5:    lemuel_elevator
Dis:7:    iron_city_of_dis, nrook_loot_triangle
Ossuary:  ossuary_tomb_1
IceCv:    ice_cave_caverns_03

Skill      XL: |  1  2  3  4  5  6  7  8  9 10 11 12 13 14 15 16 17 18 19 20 21 22 23 24 25 26 27 |
---------------+----------------------------------------------------------------------------------+-----
Axes           | 2 3 4 5 6 7 8 10 12 13 14 15 16 17 18 19 20 21 22 | 22.1
Armour         | 3 4 5 6 7 8 9 10 11 12 13 14 15 16 17 18 19 | 19.6
Shields        | 3 4 5 6 7 8 9 10 11 12 13 14 15 16 17 18 19 | 19.6
Fighting       | 4 5 6 7 8 9 10 11 12 13 14 15 16 17 18 19 20 21 | 21.2
Dodging        | 1 2 3 4 6 7 9 10 11 12 13 14 15 16 17 | 17.9
Unarmed Combat | 1 |  1.2
Long Blades    | 1 |  1.0
Stealth        | 1 2 |  2.8
Invocations    | 1 3 7 9 11 13 14 15 16 | 16.5

Action                   |  1- 3 |  4- 6 |  7- 9 | 10-12 | 13-15 | 16-18 | 19-21 | 22-24 | 25-27 || total
-------------------------+-------+-------+-------+-------+-------+-------+-------+-------+-------++-------
Melee: War axe           |   116 |   276 |   474 |   853 |    33 |       |       |       |       ||  1752
       Unarmed           |       |       |     1 |     4 |       |       |       |       |       ||     5
       Scimitar          |       |       |       |     7 |       |       |       |       |       ||     7
       Hand axe          |       |       |       |       |   440 |       |       |       |       ||   440
       Broad axe         |       |       |       |       |   814 |  1012 |  1628 |  1630 |  2003 ||  7087
Invok: Heroism           |       |       |       |     8 |     5 |    10 |     6 |     6 |     6 ||    41
       Finesse           |       |       |       |       |       |     5 |     5 |     5 |    10 ||    25
Evoke: Wand              |       |       |       |       |       |     1 |     1 |       |       ||     2
  Use: Potion            |       |     3 |       |     1 |     4 |     3 |     2 |     1 |     4 ||    18
       Scroll            |       |     7 |     3 |    13 |     9 |    13 |     4 |    10 |     2 ||    61
 Stab: Distracted        |       |       |     1 |     3 |    12 |    15 |    20 |    16 |    20 ||    87
       Held in net/web   |       |       |       |       |       |       |     2 |       |       ||     2
  Eat: Chunk             |       |    10 |    16 |    15 |    30 |    28 |    31 |    30 |     9 ||   169
       Ration            |       |       |       |       |     2 |     1 |     3 |     1 |     8 ||    15
Armor: Scale mail        |    35 |       |       |       |       |       |       |       |       ||    35
       Chain mail        |    31 |   170 |    58 |       |       |       |       |       |       ||   259
       Leather armour    |       |       |    42 |       |       |       |       |       |       ||    42
       Plate armour      |       |       |   206 |   500 |   619 |   234 |   247 |   186 |   213 ||  2205
Dodge: Dodged            |    31 |    39 |   125 |   243 |   407 |   284 |   910 |   675 |   701 ||  3415
Block: Shield            |    63 |   158 |   265 |   310 |       |       |       |       |       ||   796
       Buckler           |       |       |       |    90 |   366 |    66 |       |       |       ||   522
       Large shield      |       |       |       |       |       |   599 |  1776 |  1501 |  1640 ||  5516

Table legend:
 A = Non-vault XP
 B = Vault XP
 C = Vault XP percentage of total XP
 D = Non-vault monster count
 E = Vault monster count
 F = Vault count percentage of total count
                 A         B        C        D         E       F
            +---------+---------+-------+---------+---------+-------
      Total |  879487 |  741593 |  45.7 |    1819 |    1128 |  38.3
            +---------+---------+-------+---------+---------+-------
        D:1 |      35 |       0 |   0.0 |      17 |       0 |   0.0
        D:2 |     118 |       0 |   0.0 |      26 |       0 |   0.0
        D:3 |     176 |       7 |   3.8 |      29 |       2 |   6.5
        D:4 |     129 |       0 |   0.0 |      12 |       0 |   0.0
        D:5 |     234 |       0 |   0.0 |      15 |       0 |   0.0
        D:6 |     603 |     131 |  17.8 |      24 |       2 |   7.7
        D:7 |     924 |       0 |   0.0 |      29 |       0 |   0.0
        D:8 |    1717 |     259 |  13.1 |      45 |       2 |   4.3
        D:9 |     777 |     246 |  24.0 |      21 |       9 |  30.0
       D:10 |    2989 |     609 |  16.9 |      30 |       4 |  11.8
       D:11 |    3087 |      91 |   2.9 |      31 |       1 |   3.1
       D:12 |    8806 |    6559 |  42.7 |      46 |      29 |  38.7
       D:13 |   11108 |    7288 |  39.6 |      47 |      26 |  35.6
       D:14 |    6645 |       0 |   0.0 |      27 |       0 |   0.0
       D:15 |   13541 |    6206 |  31.4 |      31 |      10 |  24.4
     Lair:1 |    2880 |     835 |  22.5 |      12 |       3 |  20.0
     Lair:2 |    3336 |     652 |  16.3 |      12 |      13 |  52.0
     Lair:3 |    5101 |     614 |  10.7 |      13 |       1 |   7.1
     Lair:4 |    2030 |    7362 |  78.4 |       8 |      73 |  90.1
     Lair:5 |    3741 |    3228 |  46.3 |      15 |      11 |  42.3
     Lair:6 |   19513 |    2772 |  12.4 |      43 |       5 |  10.4
   Shoals:1 |   13962 |     860 |   5.8 |      32 |       4 |  11.1
   Shoals:2 |    9788 |       0 |   0.0 |      21 |       0 |   0.0
   Shoals:3 |   20256 |    5250 |  20.6 |      48 |      10 |  17.2
   Shoals:4 |   20521 |   16951 |  45.2 |      45 |      29 |  39.2
   Spider:1 |    5911 |       0 |   0.0 |      14 |       0 |   0.0
   Spider:2 |   17444 |       0 |   0.0 |      46 |       0 |   0.0
   Spider:3 |   14496 |    3036 |  17.3 |      41 |       9 |  18.0
   Spider:4 |   19140 |   23052 |  54.6 |      52 |      42 |  44.7
    Slime:1 |    7267 |       0 |   0.0 |      15 |       0 |   0.0
    Slime:2 |    5077 |       0 |   0.0 |       4 |       0 |   0.0
    Slime:3 |    4907 |       0 |   0.0 |      10 |       0 |   0.0
    Slime:4 |    2561 |       0 |   0.0 |       1 |       0 |   0.0
    Slime:5 |    2594 |   24844 |  90.5 |      10 |       9 |  47.4
      Orc:1 |     924 |   11802 |  92.7 |      16 |      34 |  68.0
      Orc:2 |    3211 |   10943 |  77.3 |      28 |      68 |  70.8
      Elf:1 |   16390 |    6338 |  27.9 |      28 |      11 |  28.2
      Elf:2 |   14351 |   26473 |  64.8 |      21 |      34 |  61.8
      Elf:3 |   14276 |   45843 |  76.3 |      20 |      33 |  62.3
   Vaults:1 |   14870 |   25081 |  62.8 |      30 |      37 |  55.2
   Vaults:2 |   17905 |   21005 |  54.0 |      30 |      23 |  43.4
   Vaults:3 |   22196 |   26282 |  54.2 |      42 |      38 |  47.5
   Vaults:4 |   44052 |   17205 |  28.1 |      65 |      29 |  30.9
   Vaults:5 |   15501 |  120756 |  88.6 |      17 |      90 |  84.1
    Crypt:1 |   25760 |    1683 |   6.1 |      33 |       5 |  13.2
    Crypt:2 |   24575 |    8226 |  25.1 |      45 |       1 |   2.2
    Crypt:3 |   19045 |   43685 |  69.6 |      24 |      69 |  74.2
   Depths:1 |   31543 |    5375 |  14.6 |      46 |      13 |  22.0
   Depths:2 |   16109 |   40609 |  71.6 |      19 |      45 |  70.3
   Depths:3 |   23639 |   18998 |  44.6 |      25 |      12 |  32.4
   Depths:4 |   36117 |   23851 |  39.8 |      42 |      21 |  33.3
   Depths:5 |   43047 |   12784 |  22.9 |      49 |       9 |  15.5
       Hell |   24272 |   24572 |  50.3 |      40 |      43 |  51.8
      Dis:1 |    9560 |       0 |   0.0 |      20 |       0 |   0.0
      Dis:2 |   34390 |       0 |   0.0 |      56 |       0 |   0.0
      Dis:3 |   21875 |       0 |   0.0 |      33 |       0 |   0.0
      Dis:4 |    3010 |       0 |   0.0 |       6 |       0 |   0.0
      Dis:5 |   18677 |       0 |   0.0 |      27 |       0 |   0.0
      Dis:6 |   34672 |       0 |   0.0 |      62 |       0 |   0.0
      Dis:7 |  118106 |   78410 |  39.9 |     123 |      42 |  25.5
    Ossuary |       0 |     184 | 100.0 |       0 |      38 | 100.0
      IceCv |       0 |   10870 | 100.0 |       0 |      46 | 100.0
 Desolation |       0 |   49766 | 100.0 |       0 |      93 | 100.0
            +---------+---------+-------+---------+---------+-------
